 Dungeon Crawl Stone Soup version 0.32-a0-871-ge202e49faa (webtiles) character file.

Game seed: 15202740387446815061

94 KennySheep the Chopper (level 4, 0/35 HPs)
             Began as a Human Berserker on Mar 30, 2024.
             Was a Believer of Trog.
             Slain by a ball python (2 damage)
             ... in a sewer.
             The game lasted 00:03:51 (2109 turns).

KennySheep the Chopper (Human Berserker)            Turns: 2109, Time: 00:03:52

Health: 0/35       AC:  4    Str: 19    XL:     4   Next: 63%
Magic:  4/4        EV:  1    Int:  7    God:    Trog [**....]
Gold:   119        SH:  0    Dex: 13    Spells: 3/3 levels left

rFire   . . .        a - +0 hand axe
rCold   . . .        (no shield)
rNeg    . . .        b - +0 animal skin
rPois   .            (no helmet)
rElec   .            (no cloak)
rCorr   .            n - +0 pair of gloves
SInv    .            j - +0 pair of boots
Will    .....        (no amulet)
Stlth   +            (no ring)
HPRegen 0.25/turn    (no ring)
MPRegen 0.09/turn

%: no passive effects
@: constricted
A: explore regen
a: Renounce Religion, Berserk, Trog's Hand


You were in a sewer.
You worshipped Trog.
Trog was pleased with you.
You visited 1 branch of the dungeon, and saw 3 of its levels.
You also visited: Sewer.

You collected 119 gold pieces.

Inventory:

Hand Weapons
 a - a +0 hand axe (weapon)
Armour
 b - a +0 animal skin (worn)
 j - a +0 pair of boots (worn)
 n - a +0 pair of gloves (worn)
Jewellery
 i - a ring of fire
Scrolls
 e - a scroll of noise {unknown}
 g - a scroll of blinking {unknown}
 h - a scroll of identify {unknown}
 k - a scroll of silence {unknown}
 l - a scroll of fear {unknown}
 m - a scroll of teleportation {unknown}
Potions
 d - 2 potions of curing
 f - a potion of resistance {unknown}


   Skills:
 + Level 3.5 Fighting
 * Level 4.0 Axes
 + Level 2.7 Armour
 + Level 2.7 Dodging


You had 3 spell levels left.
You didn't know any spells.
Your spell library was empty.

Dungeon Overview and Level Annotations

Branches:
Dungeon (3/15)              Sewer (1/1)

Altars:
Nemelex Xobeh


Innate Abilities, Weirdness & Mutations

You regain HP and MP as you explore.


Message History

The ball python closely misses you. The ball python barely misses you.
The adder misses you.
The ball python attacks as it pursues you!
The ball python barely misses you. The ball python misses you.
The adder bites you. The adder bites you. The adder attacks as it pursues you!
The adder closely misses you. The adder bites you but does no damage.
The adder closely misses you. The adder misses you. The adder misses you.
The adder bites you but does no damage. The adder closely misses you.
You barely miss the adder. x2; You hit the adder.
The adder misses you.
The ball python bites you but does no damage.
The ball python barely misses you. The adder bites you. x2
The adder closely misses you.
You barely miss the adder.
The adder is moderately wounded.
You hit the adder. You barely miss the adder. You barely miss the ball python.
You hit the ball python. The ball python barely misses you.
The ball python grabs you. The ball python constricts you.
The ball python bites you. The adder bites you. x2
The adder bites you but does no damage. The ball python bites you.
The ball python constricts you. The ball python bites you.
You slash the ball python!
You kill the ball python!
Trog accepts your kill.
You barely miss the ball python. You hit the adder. You hit the ball python.
You kill the ball python!
Trog accepts your kill.
You closely miss the adder. You miss the adder. The adder bites you.
The ball python bites you.
* * * LOW HITPOINT WARNING * * *
The ball python grabs you. The ball python constricts you.
The adder completely misses you. The adder bites you.
* * * LOW HITPOINT WARNING * * *
The adder bites you.
* * * LOW HITPOINT WARNING * * *
The adder bites you.
* * * LOW HITPOINT WARNING * * *
The ball python bites you.
You die...

#≈# #≈#
###########≈###
......~~~~.≈..#
~~~≈~~~~~~~≈~.#
≈≈≈≈≈≈≈≈≈≈≈≈~.#
~~~~~≈~~~~~SS.#
.~~~B≈~~~~BS@.#
##~~≈~~##~†S##
#~~≈~~##~~~#
#.~≈~~##.~†#
#.~≈~.##~†.#
#.~≈~.##~~.#
#.~≈~.##~~~#
#w~≈~.##.~.#
~.~≈~.###~##


You could see 3 adders, a giant cockroach and a ball python.

Vanquished Creatures
  3 adders
  A ribbon worm (D:2)
  2 dart slugs
  5 bats
  6 endoplasms
  4 giant cockroaches
  3 goblins
  2 hobgoblins (D:1)
  8 jackals
  4 kobolds
  A quokka (D:2)
  7 ball pythons
  6 frilled lizards
  7 rats
59 creatures vanquished.

Notes
Turn   | Place    | Note
-------+----------+-------------------------------------------
     0 | D:1      | KennySheep the Human Berserker began the quest for the Orb.
     0 | D:1      | Reached XP level 1. HP: 18/18 MP: 1/1
   261 | D:1      | Reached XP level 2. HP: 8/24 MP: 2/2
   926 | D:2      | Reached XP level 3. HP: 17/29 MP: 3/3
  1400 | D:2      | Reached ** piety under Trog
  1511 | D:2      | Reached XP level 4. HP: 35/35 MP: 4/4
  1708 | D:2      | Found a faded altar of an unknown god.
  1942 | D:3      | Found a sparkling altar of Nemelex Xobeh.
  2018 | D:3      | Reached skill level 4 in Axes
  2019 | D:3      | Found a glowing drain.
  2023 | Sewer    | Entered a sewer
  2109 | Sewer    | Slain by a ball python

Illustrated notes

Levels and vault maps discovered:
D:1:      grunt_arrival_crossed_arrows, layout_basic
D:2:      layout_loops_ring, ebering_ecumenical_altar_mist
D:3:      layout_rooms, mainiacjoe_overflow_alcove_2,
          mainiacjoe_sewer_entry_somewhere_in_here_1, uniq_grinder
Sewer:    sewer_frog_island_01

Skill      XL: |  1  2  3  4 |
---------------+-------------+-----
Axes           | 4 |  4.0
Fighting       | |  3.5
Armour         | |  2.7
Dodging        | |  2.7

Action                     |  1- 3 |  4- 6 || total
---------------------------+-------+-------++-------
  Melee: Hand axe          |   105 |    77 ||   182
 Invoke: Berserk           |     1 |       ||     1
    Use: Potion            |     1 |       ||     1
         Scroll            |       |     1 ||     1
   Stab: Sleeping          |     4 |       ||     4
 Armour: Animal skin       |    54 |    97 ||   151
  Dodge: Dodged            |    60 |    84 ||   144

Table legend: (Time is in decaauts)
 A = Elapsed time spent in this place.
 B = Non-inter-level travel time spent in this place.
 C = Inter-level travel time spent in this place.
 D = Time resting spent in this place.
 E = Time spent auto-exploring this place.
 F = Levels seen in this place.
 G = Mean time per level.
                   A        B        C        D        E       F      G
               +--------+--------+--------+--------+--------+-----+--------+
         Total |   2150 |   2066 |     84 |    220 |   1412 |   4 |  537.5 |
       Dungeon |   2053 |   1969 |     84 |    171 |   1399 |   3 |  684.3 |
         Sewer |     96 |     96 |      0 |     49 |     13 |   1 |   96.0 |
               +--------+--------+--------+--------+--------+-----+--------+

Top non-repeatable levels by time:
     D:2: 1073 daAuts
     D:1: 892 daAuts
   Sewer: 96 daAuts
     D:3: 88 daAuts
